AoeStats
← 不要忘了我们曾经为何而战

Arabia

510104783Analyzed
1v1 RM · 22h ago on Sep 29, 2026· 58m 24s· 2 players
Game mode
Random Map
Map size
Tiny (2 player)
Population
200
Speed
Normal
Resources
Standard
Victory
Conquest
Starting age
Dark Age
Ending age
Imperial Age
RankedLock teamsTeams togetherTeam positionsShared explorationLock speedFull tech treeHidden civsTurbo modeCheats
Victory
Defeat
🇩🇪 Danes · Germany
1197
+18
Allowuff
6:41 Loom
9:00 Feudal Age
9:11 Man-at-Arms
11:54 Double-Bit Axe
15:36 Gold Mining
17:20 Padded Archer Armor
21:38 Castle Age
20:00 Scale Mail Armor
20:57 Fletching
21:17 Forging
22:15 Gambesons
22:31 Squires
22:48 Chain Mail Armor
22:36 Long Swordsman
25:08 Bow Saw
25:22 Horse Collar
27:17 Arson
33:30 Wheelbarrow
32:41 Town Watch
37:19 Imperial Age
34:48 Stone Mining
35:34 Leather Archer Armor
36:10 Hand Cart
35:23 Pikeman
36:34 Scale Barding Armor
37:04 Iron Casting
36:25 Bodkin Arrow
37:39 Two-Handed Swordsman
37:43 Light Cavalry
38:33 Bloodlines
38:24 Husbandry
38:55 Plate Mail Armor
38:50 Chain Barding Armor
39:09 Plate Mail Armor
39:40 Blast Furnace
39:45 Elite Varangian Guard
40:47 Chain Barding Armor
40:00 Hamask
42:03 Bodkin Arrow
42:30 Ballistics
43:10 Chemistry
42:22 Masonry
43:42 Conscription
47:46 Elite Skirmisher
51:13 Plate Barding Armor
52:27 Siege Engineers
52:18 Murder Holes
54:18 Bracer
57:45 Elite Jomsviking
不要忘了我们曾经为何而战
6:30 Loom
9:57 Feudal Age
11:15 Double-Bit Axe
17:42 Fletching
18:22 Padded Archer Armor
23:26 Castle Age
22:55 Scale Barding Armor
22:43 Gold Mining
24:16 Forging
25:09 Bow Saw
26:47 Stone Mining
27:09 Elite Skirmisher
37:12 Imperial Age
35:27 Wheelbarrow
35:03 Horse Collar
36:26 Chain Barding Armor
37:19 Gold Shaft Mining
36:55 Husbandry
37:53 Heavy Plow
37:26 Cavalier
39:47 Iron Casting
40:51 Conscription
41:18 Fervor
42:15 Plate Barding Armor
43:10 Hand Cart
44:49 Bodkin Arrow
46:25 Logistica
46:50 Ballistics
49:10 Bracer
50:08 Crop Rotation
50:24 Leather Archer Armor
51:27 Chemistry
53:12 Careening
53:00 Murder Holes
54:59 Light Cavalry
56:57 Ring Archer Armor
Connection lost

Rejoining the realm…

Still unreachable

The connection could not be restored.

Session expired

The server has moved on; the page needs a fresh start.